 Dungeon Crawl Stone Soup version 0.30.1 (webtiles) character file.

Game seed: 10497758474925480837

26 Babbit the Grave Robber (level 3, 23/24 HPs)
             Began as a Human Necromancer on July 10, 2023.
             Quit the game on level 1 of the Dungeon.
             The game lasted 00:09:31 (535 turns).

Babbit the Grave Robber (Human Necromancer)          Turns: 535, Time: 00:09:31

Health: 23/24      AC:  2    Str:  8    XL:     3   Next: 22%
Magic:  6/6        EV: 12    Int: 17    God:
Gold:   47         SH:  0    Dex: 13    Spells: 5/6 levels left

rFire   . . .        c - +0 dagger
rCold   . . .        (no shield)
rNeg    . . .        a - +0 robe
rPois   .            (no helmet)
rElec   .            (no cloak)
rCorr   .            (no gloves)
SInv    .            (no boots)
Will    .....        (no amulet)
Stlth   ++           (no ring)
HPRegen 0.24/turn    (no ring)
MPRegen 0.10/turn

%: no passive effects
@: no status effects
A: no striking features
a: no special abilities


You were on level 1 of the Dungeon.
You visited 1 branch of the dungeon, and saw 1 of its levels.

You collected 47 gold pieces.

Inventory:

Hand Weapons
 c - a +0 dagger (weapon)
Armour
 a - a +0 robe (worn)
Scrolls
 d - a scroll of identify {unknown}
 f - a scroll of enchant armour {unknown}
Potions
 b - a potion of lignification {unknown}
 e - a potion of resistance {unknown}


   Skills:
 + Level 2.4 Dodging
 + Level 2.5 Stealth
 + Level 2.3 Spellcasting
 + Level 4.2 Necromancy


You had 5 spell levels left.
You knew the following spells:

 Your Spells              Type           Power      Damage    Failure   Level
a - Necrotise             Necr           64%        1d7       3%          1

Your spell library contained the following spells:

 Spells                   Type           Power      Damage    Failure   Level
 Vampiric Draining        Necr           16%        2d7       10%         3
 Animate Dead             Necr           16%        N/A       32%         4
 Inner Flame              Hex/Fire       2%         N/A       50%         3
 Vhi's Electric Charge    Tloc/Air       4%         N/A       50%         3
 Agony                    Necr           16%        N/A       67%         5
 Arcjolt                  Conj/Air       1%         1d11      99%         5
 Yara's Violent Unravell  Hex/Tmut       1%         3d3       99%         5
 Plasma Beam              Fire/Air       1%         2x1d12    100%        6
 Enfeeble                 Hex            1%         N/A       100%        7


Dungeon Overview and Level Annotations

Branches:
Dungeon (1/15)

Altars:


Message History

You hit the giant cockroach but do no damage.
The giant cockroach is severely wounded.
The bat hits you. The giant cockroach closely misses you.
You hit the giant cockroach but do no damage.
The giant cockroach is severely wounded.
The bat hits you but does no damage.
The giant cockroach completely misses you.
You hit the giant cockroach.
You kill the giant cockroach!
The bat closely misses you. The bat attacks as you move away!
The bat barely misses you. The bat closely misses you. The bat hits you.
The bat barely misses you. The bat barely misses you.
The bat closely misses you.
You see here 15 gold pieces.
You hit the bat.
The bat is severely wounded.
The bat hits you. The bat hits you.
You see here 15 gold pieces.
The bat closely misses you. The bat barely misses you.
The bat barely misses you.
You closely miss the bat.
The bat is severely wounded.
The bat closely misses you. The bat hits you.
The bat hits you but does no damage.
You see here 15 gold pieces.
You hit the bat.
You kill the bat!
You now have 47 gold pieces (gained 15).
Unknown command.
Saving game... please wait.
Welcome back, Babbit the Human Necromancer.
Press ? for a list of commands and other information.
Unknown command.
Unknown command.
Unknown command.
Are you sure you want to abandon this character and quit the game? (Confirm with "yes".)

#.#..# ##..### ###.##.###
#.†## # #...##...####.## #.
#.####.....)..# ##### #.##
#.####........#
....#....#...##...)........>#
................####........#
.####....###.##.## #........#
## . #......@# ##########
#.......# #.......# #.......#
#.......# #.......# #.......#
#.......# #########


There were no monsters in sight!

Vanquished Creatures
  A ball python (D:1)
  2 bats (D:1)
  2 giant cockroaches (D:1)
  6 goblins (D:1)
  2 hobgoblins (D:1)
  3 quokkas (D:1)
  2 kobolds (D:1)
  A rat (D:1)
19 creatures vanquished.

Vanquished Creatures (collateral kills)
  2 ball pythons (D:1)
  A bat (D:1)
3 creatures vanquished.

Grand Total: 22 creatures vanquished

Notes
Turn   | Place    | Note
-------+----------+-------------------------------------------
     0 | D:1      | Babbit the Human Necromancer began the quest for the Orb.
     0 | D:1      | Reached XP level 1. HP: 13/13 MP: 3/3
   127 | D:1      | Reached XP level 2. HP: 19/19 MP: 1/5
   379 | D:1      | Reached XP level 3. HP: 17/24 MP: 1/6
   535 | D:1      | Quit the game

Illustrated notes

Levels and vault maps discovered:
D:1:      minmay_arrival_stone_box, layout_rooms, minivault_11

Action                     || total
---------------------------++-------
  Melee: Unarmed           ||    10
         Dagger            ||    33
   Cast: Necrotise         ||    26
    Use: Potion            ||     1
 Armour: Robe              ||    16
  Dodge: Dodged            ||    64
